 Dungeon Crawl Stone Soup version 0.27-a0-998-g4cfe56dd59 (webtiles) character file.

Game seed: 18372380745619629691

646680 wakim the Wrestler (level 27, 0/288 HPs)
             Began as a Troll Berserker on Apr 16, 2021.
             Was a High Priest of Trog.
             Slain by a yellow draconian monk (23 damage)
             ... on level 5 of the Realm of Zot on Apr 17, 2021.
             The game lasted 04:51:23 (65308 turns).

wakim the Wrestler (Troll Berserker)               Turns: 65308, Time: 04:51:24

Health: 0/288      AC: 42    Str: 46 (47) XL:     27
Magic:  19/19      EV:  7    Int:  6 (8)  God:    Trog [*****.]
Gold:   5982       SH: 35    Dex:  8 (9)  Spells: 26/26 levels left

rFire    + . .     SeeInvis +     - Unarmed
rCold    + . .     Faith    .   q - +6 tower shield "Mybrul" {rPois Str+2}
rNeg     + . .     Spirit   .   k - +11 gold dragon scales
rPois    +         Reflect  +   a - +2 hat {SInv}
rElec    +         Harm     .   p - +1 cloak {Will+}
rCorr    +         Rampage  .   (gloves unavailable)
Will     +++++     NoCast   +   (boots unavailable)
Stlth    ..........             o - amulet "Palehos" {Reflect -Cast rN+ Will+ Int+4 SH+5}
HPRegen  2.58/turn              j - ring of Wanaac {rPois rCorr AC+4}
MPRegen  0.16/turn              s - ring "Nittez" {rElec Str+6}

@: about to teleport, regenerating, constricted, studying 2 skills
A: large, unfitting armour, claws 3, regeneration 1, shaggy fur 1, tough skin 1,
antennae 1, low mp 1, weak 1, subdued magic 1
}: 3/15 runes: decaying, silver, gossamer
a: Renounce Religion, Berserk, Trog's Hand, Brothers in Arms


You were on level 5 of the Realm of Zot.
You worshipped Trog.
Trog was extremely pleased with you.
You visited 10 branches of the dungeon, and saw 50 of its levels.
You visited the Abyss 1 time.
You visited 1 bazaar.
You also visited: Trove, Sewer, Ossuary and Bailey.

You collected 8344 gold pieces.
You spent 2362 gold pieces at shops.

Inventory:

Missiles
 e - 44 boomerangs
 f - 8 silver boomerangs
 g - 45 silver javelins
 h - a throwing net {=f!f}
 l - 93 large rocks (quivered) {=f}
 v - 5 javelins
Armour
 a - a +2 hat of see invisible (worn)
 k - +11 gold dragon scales (worn)
 n - the quicksilver dragon scales of Jocut {Will+ Regen+ Dex+3}
   (You acquired it on level 5 of the Dungeon)

   It affects your dexterity (+3).
   It increases your rate of health regeneration.
   It increases your willpower.
 p - a +1 cloak of willpower (worn)
 q - the +6 tower shield "Mybrul" (worn) {rPois Str+2}
   (You found it in a treasure trove)

   It affects your strength (+2).
   It protects you from poison.
 D - a +2 kite shield of resistance
Jewellery
 b - the ring "Ewkif" {rN+ Will+ EV+4 Dex-4}
   (You found it on level 5 of the Depths)

   [ring of evasion]

   It affects your evasion (+4).
   It affects your dexterity (-4).
   It protects you from negative energy.
   It increases your willpower.
 c - a ring of see invisible
 d - a ring of protection from fire
 i - a +4 ring of slaying
 j - the ring of Wanaac (left claw) {rPois rCorr AC+4}
   (You found it on level 4 of the Spider Nest)

   [ring of protection]

   It affects your AC (+4).
   It protects you from poison.
   It protects you from acid and corrosion.
 m - the ring "Neyxzem" {rF+ rN+ Will+ Str+4}
   (You found it on level 5 of the Vaults)

   [ring of positive energy]

   It affects your strength (+4).
   It protects you from fire.
   It protects you from negative energy.
   It increases your willpower.
 o - the amulet "Palehos" (around neck) {Reflect -Cast rN+ Will+ Int+4 SH+5}
   (You acquired it on level 1 of the Swamp)

   [amulet of reflection]

   It reflects blocked missile attacks.
   It affects your intelligence (+4).
   It protects you from negative energy.
   It prevents spellcasting.
   It affects your SH (+5).
   It increases your willpower.
 s - the ring "Nittez" (right claw) {rElec Str+6}
   (You took it off a gnoll sergeant on level 7 of the Dungeon)

   [ring of strength]

   It affects your strength (+6).
   It insulates you from electricity.
 u - an amulet of regeneration
 z - a ring of flight
 L - a +4 ring of evasion
Wands
 t - a wand of digging (12)
Scrolls
 r - 25 scrolls of identify
 R - 4 scrolls of magic mapping {!r}
 S - 2 scrolls of summoning
 T - 7 scrolls of teleportation
 U - 4 scrolls of fear
 V - 13 scrolls of enchant weapon
 W - 3 scrolls of holy word
 X - 15 scrolls of fog
 Y - 3 scrolls of blinking {!r}
 Z - 9 scrolls of silence {!r}
Potions
 A - 7 potions of ambrosia
 B - 7 potions of attraction {!q}
 C - 4 potions of berserk rage {!q}
 E - 3 potions of cancellation
 F - 26 potions of curing
 G - 7 potions of flight
 H - 12 potions of haste
 I - 2 potions of invisibility
 J - 12 potions of heal wounds
 M - 11 potions of mutation {!q}
 N - 7 potions of might
 O - 3 potions of resistance


   Skills:
 * Level 19.5 Fighting
 * Level 18.7 Throwing
 + Level 16.5 Armour
 + Level 18.4 Dodging
 - Level 2.9 Stealth
 - Level 15.0 Shields
 * Level 23.6 Unarmed Combat


You had 26 spell levels left.
You didn't know any spells.
Your spell library was empty.

Dungeon Overview and Level Annotations

Branches:
Dungeon (15/15)            Temple (1/1) D:6            Lair (6/6) D:8
  Swamp (4/4) Lair:2       Spider (4/4) Lair:2        Slime (0/5) Lair:6
    Orc (2/2) D:10            Elf (3/3) Orc:2        Vaults (5/5) D:13
  Crypt (0/3) Vaults:3     Depths (5/5) D:15            Zot (5/5) Depths:5
  Sewer (visited)         Ossuary (visited)          Bailey (visited)

Altars:
Ashenzari
Cheibriados
Gozag
Kikubaaqudgha
Nemelex Xobeh
Okawaru
Trog
Uskayaw
Vehumet
Wu Jian
Xom
The Shining One
Beogh

Shops:
D:1 [   D:3 *?   Orc:1 ?   Orc:2 ([*(   Elf:1 *   Elf:3 (?(   Depths:4 :=:
Depths:5 ?:((

Portals:
Hell: Depths:1 Depths:2 Depths:3 Depths:4 Depths:5
Abyss: Depths:4
Pandemonium: Depths:3
Ziggurat: Depths:2


Innate Abilities, Weirdness & Mutations

You are too large for most types of armour.
You have claws for hands.
Your natural rate of healing is unusually fast.
You are covered in fur. (AC +1)
You have tough skin. (AC +1)
You have a pair of small antennae on your head.
Your magical capacity is low. (-10% MP)
You are weak. (Str -2)
Your spells are a little easier to cast, but a little less powerful.


Message History

You block the purple draconian's attack.
The white draconian hits you but does no damage.
The Killer Klown says, "Come and play with me!"
The Killer Klown pies you viciously! The klown pie hits you!!
Raspberry!
You feel weakened.
You feel dopey.
You feel clumsy.
* * * LOW HITPOINT WARNING * * *
The tentacled monstrosity tentacle-slaps you but does no damage. x2
You block the tentacled monstrosity's attack.
* * * LOW HITPOINT WARNING * * *
The tentacled monstrosity constricts you!
The tentacled monstrosity tentacle-slaps you but does no damage. x3
The Killer Klown blinks!
You block the black draconian knight's attack.
The ancient lich touches you but does no damage.
The red draconian hits you but does no damage.
As you read the scroll of teleportation, it crumbles to dust.
You feel strangely unstable.
You feel the Orb delaying your translocation!
You block the Killer Klown's attack.
The purple draconian hits you but does no damage.
The Killer Klown blinks!
You block the black draconian knight's attack.
You block the tentacled monstrosity's attack.
The tentacled monstrosity closely misses you.
The tentacled monstrosity tentacle-slaps you but does no damage.
* * * LOW HITPOINT WARNING * * *
The tentacled monstrosity constricts you.
The ancient lich touches you but does no damage.
The white draconian hits you but does no damage.
The red draconian rages.
You block the tentacled monstrosity's attack.
The tentacled monstrosity tentacle-slaps you but does no damage. x2
The moth of wrath goads the white draconian monk on!
The white draconian monk goes berserk!
The moth of wrath goads the purple draconian monk on!
The purple draconian monk goes berserk!
The Killer Klown honks.
The yellow draconian monk hits you!!
You die...

....§...L.§.q..
...q...........
....§q^........
.....X§d^.....#
.....§§dD....#
▓▓▓▓▓▓▓##dyqd.▓▓
......ddqqXq...▓
..8..§dXLXqd....▓
.....qq*@qqd.....
.....yp*qpdk.....
......dpXXk......
.....^§dd.§......
......?....p....▓
........8......▓
................
................
...............


You could see 2 orbs of fire, 4 Killer Klowns, 2 electric golems, 2 tentacled
monstrosities, 3 draconians, 2 draconians, an ancient lich (fast, invisible), a
storm dragon, 2 draconians, 3 draconians, a green draconian, 3 draconians, 3
draconians, a white draconian, 2 draconians, a yellow draconian stormcaller, 3
Orb Guardians, 2 draconians, a wind drake (summoned, repels missiles), 2 moths
of wrath and a rime drake (summoned).

Vanquished Creatures
  2 dread liches
  An orb of fire (Zot:1)
  2 ancient liches
  Mara (Depths:3)
  A juggernaut (Depths:5)
  The ghost of Kaphap the Slayer, a legendary GrBe of Trog (Zot:1)
  Bai Suzhen (Vaults:3)
  Saint Roka (Vaults:1)
  Frederick (Vaults:5)
  A Killer Klown (Zot:4)
  7 caustic shrikes
  10 golden dragons
  4 curse toes
  the Enchantress (Depths:2)
  Arachne (Spider:3)
  The ghost of Mesmaeker13 the Champion of Chaos, an adept DDHu of Makhleb (Depths:4)
  The ghost of Dynuikaup the Stormcaller, a veteran TeCj of Gozag (Depths:5)
  2 electric golems
  23 tentacled monstrosities
  7 liches
  5 quicksilver dragons
  10 titans
  2 deep elf master archers (Elf:3)
  12 death cobs
  7 sphinxes
  An ancient champion (Vaults:3)
  A thorn hunter (Swamp:2)
  Gastronok (D:11)
  The ghost of Johiy the Bludgeoner, an adept MiFi of the Shining One (Spider:4)
  14 storm dragons
  11 shadow dragons
  A shadow dragon (shapeshifter) (Vaults:5)
  8 tengu reavers
  3 draconian monks
  9 deep elf sorcerers
  The ghost of Ivyux the Geomancer, a journeyman DrEE of Cheibriados (Elf:1)
  A balrug (Depths:2)
  6 fire giants
  8 frost giants
  2 iron dragons
  16 vault wardens
  6 draconian scorchers
  Louise (Lair:2)
  2 orc warlords
  A draconian knight (Zot:2)
  8 ghost moths
  A juggernaut zombie (Depths:3)
  3 ghouls (Swamp:4)
  4 draconian shifters
  3 deep elf elementalists (Elf:3)
  3 spriggan defenders (Depths:2)
  36 very ugly things
  7 emperor scorpions
  The ghost of bmj180 the Blocker, a journeyman GnFi of Okawaru (Lair:5)
  3 draconian stormcallers
  22 stone giants
  A caustic shrike skeleton (Depths:4)
  17 ironbound preservers
  3 war gargoyles
  4 draconian annihilators
  4 vampire knights
  10 deep elf annihilators
  7 black draconians
  Azrael (Orc:1)
  10 green draconians
  8 entropy weavers
  6 deep elf demonologists
  13 yellow draconians
  15 dire elephants
  10 purple draconians
  25 spark wasps
  3 white draconians
  A minotaur (Lair:1)
  3 bunyips
  7 red draconians
  2 crystal guardians (Vaults:2)
  A merfolk javelineer (Depths:5)
  15 ettins
  8 deep elf death magi
  4 eleionomae
  5 fire dragons
  12 yaktaur captains
  11 deep elf high priests
  4 jiangshi
  2 spectral golden dragons (Zot:1)
  10 ice dragons
  11 great orbs of eyes
  27 vault guards
  A peacekeeper (Vaults:2)
  6 ironbound thunderhulks
  Harold (D:10)
  6 boulder beetles
  An ogre mage (D:15)
  17 hydras
  2 rakshasas
  6 spriggan air magi
  2 ironbound frosthearts
  11 two-headed ogres
  An ice dragon (shapeshifter) (Vaults:5)
  2 ghost crabs
  An anaconda (Lair:6)
  23 dancing weapons
  15 deep troll shamans
  9 centaur warriors
  2 spectral draconians (Zot:1)
  2 orc high priests
  20 deep troll earth magi
  5 tengu warriors
  15 alligators
  The ghost of WasteTime5 the Severer, a novice HOFi of Beogh (D:8)
  2 death yaks
  3 spriggan berserkers
  The ghost of Elallin the Shield-Bearer, a novice HuFi of Yredelemnul (Lair:1)
  A vampire mage (Depths:3)
  8 ironbound beastmasters
  2 spectral storm dragons (Zot:1)
  20 hell knights
  A sun demon (Depths:2)
  15 deep elf knights
  10 spriggans
  A wretched star (Abyss:3)
  A spectral ghost moth (Zot:1)
  16 iron trolls
  A deep troll (shapeshifter) (Depths:4)
  The ghost of casual the Cleaver, a novice OpDe of Cheibriados (D:7)
  3 spriggan druids (Swamp:2)
  10 goliath frogs
  2 glowing orange brains
  4 flayed ghosts
  76 deep trolls
  13 ironbound convokers
  5 skeletal warriors (D:15)
  6 bog bodies
  6 swamp dragons
  15 wizards
  10 deep elf archers
  3 lindwurms (Vaults:1)
  11 harpies
  32 deep elf zephyrmancers
  A golden dragon skeleton (Depths:3)
  A spectral wolf spider (Spider:4)
  Pikel (D:4)
  11 orc knights
  8 phantasmal warriors
  23 deep elf pyromancers
  A wolf spider (shapeshifter) (Vaults:4)
  9 orc sorcerers
  75 ugly things
  7 necromancers
  3 tengu skeletons (Depths:4)
  28 wolf spiders
  22 orb spiders
  A salamander (Depths:2)
  A manticore (shapeshifter) (Vaults:5)
  6 manticores
  A will-o-the-wisp (Swamp:2)
  2 cyclopes
  An iron dragon skeleton (Depths:3)
  2 moths of wrath (shapeshifter)
  15 vault sentinels
  A faun (shapeshifter) (Vaults:5)
  A fire giant skeleton (Depths:3)
  24 moths of wrath
  7 elephants
  A black mamba (Lair:3)
  9 cane toads
  4 orange demons (Elf:1)
  A smoke demon (Depths:2)
  2 gargoyles (D:10)
  4 torpor snails
  2 storm dragon simulacra (Zot:1)
  2 rime drakes (Lair:4)
  A spriggan skeleton (Depths:3)
  4 tengu conjurers
  5 komodo dragons
  8 freezing wraiths
  A spectral redback (Spider:4)
  An efreet (D:13)
  An entropy weaver simulacrum (Spider:4)
  18 yaktaurs
  11 demonic crawlers
  A kobold demonologist (Bailey)
  A ghost moth simulacrum (Spider:4)
  A komodo dragon (shapeshifter) (Abyss:3)
  A queen bee (shapeshifter) (Elf:2)
  A spectral moth of wrath (Zot:1)
  An ancient zyme (Abyss:4)
  A jumping spider (shapeshifter) (D:14)
  A large abomination (Abyss:4)
  4 wolf spider simulacra
  A golden dragon simulacrum (Zot:1)
  A bloated husk (Swamp:3)
  32 jumping spiders
  11 hornets
  12 trolls
  3 polar bears
  6 tyrant leeches
  A tengu simulacrum (Depths:4)
  A snapping turtle (shapeshifter) (D:15)
  17 slime creatures
  11 dream sheep
  18 blink frogs
  A dream sheep (shapeshifter) (Vaults:5)
  A raiju (shapeshifter) (Depths:2)
  2 air elementals
  A draconian simulacrum (Zot:1)
  Sigmund (D:5)
  A tarantella (shapeshifter) (Vaults:4)
  37 yaks
  A basilisk (Lair:5)
  A water elemental (Depths:5)
  68 redbacks
  7 wyverns
  A vampire (D:12)
  47 tarantellas
  A wyvern (shapeshifter) (Depths:4)
  4 wraiths
  9 fire elementals
  13 vampire mosquitoes
  A human (shapeshifter) (Vaults:5)
  A chaos spawn (Abyss:3)
  22 humans
  A redback simulacrum (Spider:4)
  A white draconian simulacrum (Zot:1)
  3 steam dragons (D:7)
  Edmund (D:4)
  2 swamp worm simulacra (Swamp:4)
  Menkaure (D:4)
  10 swamp worms
  10 wargs
  17 water moccasins
  A floating eye (Depths:4)
  A moth of wrath simulacrum (Zot:1)
  A spectral hornet (Spider:4)
  A jumping spider simulacrum (Spider:4)
  A tarantella simulacrum (Spider:4)
  3 ice beasts
  2 sky beasts (D:6)
  2 swamp drakes
  A boulder beetle simulacrum (Lair:5)
  18 hydra simulacra (Swamp:4)
  38 orc warriors
  A small abomination (Abyss:3)
  5 black bears
  4 boggarts
  A black mamba simulacrum (Lair:5)
  4 necrophages
  12 ogres
  13 wolves
  6 centaurs
  4 kobold brigands
  18 bullfrogs
  4 gnoll sergeants (D:7)
  A wyvern zombie (D:7)
  6 scorpions
  2 cane toad simulacra (Lair:5)
  2 wyvern skeletons
  3 earth elementals (Elf:1)
  A water moccasin skeleton (D:5)
  A dream sheep simulacrum (Lair:5)
  16 wights
  6 howler monkeys
  5 electric eels
  A crimson imp (Orc:2)
  4 centaur zombies
  A human zombie (Ossuary)
  An iron imp (Orc:2)
  A bullfrog skeleton (D:5)
  15 jellies
  Crazy Yiuf (D:5)
  4 gnoll shamans
  19 orc priests
  A hound (D:4)
  2 iguanas
  50 orc wizards
  2 killer bee zombies (D:7)
  2 mummies (Ossuary)
  39 gnolls
  5 adders
  2 river rats (D:3)
  2 shadow imps
  3 white imps
  2 ufetubi
  6 swamp drake simulacra (Swamp:4)
  An adder skeleton (D:4)
  2 worms (D:3)
  A dart slug (D:3)
  119 orcs
  7 ball pythons
  10 endoplasms
  6 giant cockroaches
  A gnoll zombie (Ossuary)
  15 goblins
  18 hobgoblins
  28 jackals
  A quokka (D:3)
  13 bats
  5 frilled lizards
  A goblin zombie (Ossuary)
  7 hobgoblin zombies (Ossuary)
  16 kobolds
  4 orc zombies (Ossuary)
  11 rats
2310 creatures vanquished.

Vanquished Creatures (collateral kills)
  Mennas (Vaults:4)
  A lich (Depths:3)
  An ettin (Depths:3)
  An eleionoma (Swamp:1)
  2 vault guards (Vaults:1)
  2 hydras
  An alligator (Swamp:1)
  A two-headed ogre (D:9)
  An iron troll (Depths:5)
  A deep troll (Depths:5)
  3 ironbound convokers (Vaults:1)
  3 orb spiders (Spider:3)
  A wolf spider (Spider:3)
  A cane toad (Lair:3)
  A gargoyle (D:7)
  A demonic crawler (Spider:3)
  3 yaktaurs (Vaults:1)
  2 jumping spiders (Spider:3)
  6 redbacks (Spider:3)
  A spriggan (Depths:2)
  A tarantella (Spider:3)
  3 vampire mosquitoes (Swamp:2)
  A water moccasin (D:7)
  An orc warrior (D:7)
  An ice beast (D:7)
  A centaur (D:7)
  A bullfrog (D:7)
  An orc priest (D:7)
  An orc wizard (D:7)
  A howler monkey zombie (D:9)
  3 orcs
49 creatures vanquished.

Vanquished Creatures (others)
  A dread lich (Depths:5)
  A quicksilver dragon (Zot:1)
  An emperor scorpion (Spider:4)
  A draconian annihilator (Zot:3)
  A bunyip (Swamp:2)
  A yellow draconian (Zot:2)
  An eleionoma (Swamp:2)
  A rakshasa (Depths:2)
  A deep elf knight (Elf:2)
  A deep elf zephyrmancer (Elf:1)
  A deep elf pyromancer (Elf:1)
  A phantasmal warrior (Vaults:5)
  A wizard (D:7)
  A bloated husk (Swamp:3)
  A tyrant leech (Swamp:2)
  A redback (Spider:4)
  A tarantella (Spider:2)
  3 swamp worms
  An orc warrior (Vaults:5)
  An orc wizard (Orc:2)
  An orc (Orc:2)
  5 ball lightnings (Depths:5)
  A bush (Lair:3)
  46 fungi
  138 plants
  9 withered plants (D:1)
222 creatures vanquished.

Grand Total: 2581 creatures vanquished

Notes
Turn   | Place    | Note
-------+----------+-------------------------------------------
     0 | D:1      | wakim the Troll Berserker began the quest for the Orb.
     0 | D:1      | Reached XP level 1. HP: 22/22 MP: 0/0
    82 | D:1      | You fall into a shaft and drop 1 floor!
   111 | D:2      | Reached XP level 2. HP: 29/29 MP: 1/1
   711 | D:2      | Reached skill level 4 in Unarmed Combat
   711 | D:2      | Reached XP level 3. HP: 6/36 MP: 2/2
   711 | D:2      | Reached XP level 4. HP: 7/44 MP: 3/3
  1262 | D:1      | Reached ** piety under Trog
  1352 | D:1      | Found Inany's Armour Shop.
  1598 | D:1      | Found a faded altar of an unknown god.
  1698 | D:3      | Found Wufuris's General Store.
  1884 | D:3      | Reached XP level 5. HP: 39/53 MP: 4/4
  2014 | D:3      | Found a glowing drain.
  2022 | Sewer    | Entered a sewer
  2039 | Sewer    | Reached *** piety under Trog
  2147 | Sewer    | Reached skill level 5 in Unarmed Combat
  2343 | Sewer    | Reached XP level 6. HP: 61/61 MP: 5/5
  3034 | D:3      | Found Maqamaa's Magic Scroll Emporium.
  3180 | D:4      | Reached skill level 6 in Unarmed Combat
  3182 | D:4      | Reached XP level 7. HP: 46/68 MP: 6/6
  3267 | D:4      | Found an opulent altar of Gozag.
  3267 | D:4      | Found a glowing golden altar of the Shining One.
  3299 | D:4      | Noticed Edmund
  3314 | D:4      | Killed Edmund
  3483 | D:4      | Reached **** piety under Trog
  3486 | D:4      | Noticed Menkaure
  3541 | D:4      | Killed Menkaure
  3542 | D:4      | Reached skill level 7 in Unarmed Combat
  3705 | D:4      | Noticed Pikel
  3721 | D:4      | Killed Pikel
  3722 | D:4      | Reached skill level 5 in Fighting
  3722 | D:4      | Reached skill level 8 in Unarmed Combat
  3722 | D:4      | Reached XP level 8. HP: 80/80 MP: 7/7
  3942 | D:4      | Reached skill level 5 in Dodging
  4088 | D:4      | Found a snail-covered altar of Cheibriados.
  4094 | D:5      | Entered Level 5 of the Dungeon
  4751 | D:5      | Noticed Sigmund
  4768 | D:5      | Killed Sigmund
  4769 | D:5      | Reached skill level 9 in Unarmed Combat
  4769 | D:5      | Reached XP level 9. HP: 88/88 MP: 8/8
  4897 | D:5      | Found a runed translucent door.
  4898 | D:5      | Noticed Crazy Yiuf
  4904 | D:5      | Killed Crazy Yiuf
  5283 | D:5      | Reached ***** piety under Trog
  5919 | D:5      | Identified a scroll of acquirement
  5919 | D:5      | Acquired the quicksilver dragon scales of Jocut {Will+
                  | Regen+ Dex+3}
  6120 | D:6      | Found a staircase to the Ecumenical Temple.
  6129 | Temple   | Entered the Ecumenical Temple
  6283 | D:6      | Reached skill level 1 in Armour
  6286 | D:6      | Reached skill level 10 in Unarmed Combat
  6525 | D:6      | Found a shimmering altar of Xom.
  6731 | D:6      | Found a sparkling altar of Nemelex Xobeh.
  6877 | D:7      | Noticed casual's ghost (novice OpDe)
  6891 | D:7      | Found a transporter.
  6915 | D:7      | Noticed a troll
  6923 | D:7      | Killed a troll
  6945 | D:7      | Found a transporter.
  6972 | D:7      | Reached XP level 10. HP: 100/100 MP: 9/9
  7376 | D:7      | Found a bloodstained altar of Trog.
  7378 | D:7      | Noticed a wizard
  7381 | D:7      | Killed a wizard
  7530 | D:7      | Noticed a manticore
  7531 | D:7      | Noticed a four-headed hydra
  7531 | D:7      | Noticed a cyclops
  7576 | D:6      | Acquired a +1 hat of see invisible
  7593 | D:7      | Identified the +7 mace "Esaucic" {speed, Int+4}
  7593 | D:7      | Identified the ring "Nittez" {rElec Str+6}
  7774 | D:7      | Reached skill level 1 in Throwing
  7795 | D:7      | Killed casual's ghost
  7796 | D:7      | Reached skill level 11 in Unarmed Combat
  8074 | D:8      | Found a sand-covered staircase.
  8116 | D:8      | Reached ****** piety under Trog
  8151 | D:8      | Found a staircase to the Lair.
  8183 | Ossuary  | Entered an ossuary
  8192 | Ossuary  | Reached XP level 11. HP: 109/109 MP: 10/10
  8193 | Ossuary  | Received a gift from Trog
  8753 | D:9      | Found a runed translucent gate.
  8774 | D:9      | Noticed a two-headed ogre
  8780 | D:9      | Killed a two-headed ogre
  8870 | D:9      | Found a runed translucent gate.
  8871 | D:9      | Found a runed translucent gate.
  8873 | D:9      | Noticed a ten-headed hydra
  8873 | D:9      | Noticed WasteTime5's ghost (novice HOFi)
  9175 | D:9      | Found a hide-covered altar of Uskayaw.
  9195 | D:9      | Found a radiant altar of Vehumet.
  9425 | D:7      | Killed a six-headed hydra
  9443 | D:7      | Received a gift from Trog
  9730 | D:10     | Entered Level 10 of the Dungeon
  9730 | D:10     | Noticed a centaur warrior
  9740 | D:10     | Killed a centaur warrior
  9741 | D:10     | Reached skill level 12 in Unarmed Combat
  9754 | D:10     | Noticed a two-headed ogre
  9761 | D:10     | Killed a two-headed ogre
  9762 | D:10     | Reached skill level 5 in Throwing
 10089 | D:10     | Found a staircase to the Orcish Mines.
 10090 | D:10     | Noticed Harold
 10100 | D:10     | Killed Harold
 10416 | D:10     | Acquired a manual of Dodging
 10554 | Lair:1   | Entered Level 1 of the Lair of Beasts
 10597 | Lair:1   | You fall into a shaft and drop 1 floor!
 10625 | Lair:2   | Reached XP level 12. HP: 94/122 MP: 11/11
 10714 | Lair:1   | Received a gift from Trog
 10739 | Lair:1   | Noticed Elallin's ghost (novice HuFi)
 10920 | Lair:1   | Reached skill level 5 in Armour
 10989 | Lair:1   | Found a runed translucent gate.
 10994 | Lair:1   | Found a runed translucent gate.
 10995 | Lair:1   | Found a runed translucent gate.
 11075 | Lair:1   | Noticed a minotaur
 11289 | Lair:2   | Found a hole to the Spider Nest.
 11374 | Lair:2   | Noticed a death yak
 11550 | Lair:2   | Noticed a death yak
 11571 | Lair:1   | Killed a death yak
 11706 | Lair:2   | Noticed an eight-headed hydra
 11711 | Lair:2   | Killed an eight-headed hydra
 11712 | Lair:2   | Reached skill level 1 in Shields
 11736 | Lair:2   | Killed a death yak
 11749 | Lair:2   | Reached skill level 13 in Unarmed Combat
 11964 | Lair:2   | Found a staircase to the Swamp.
 12313 | Lair:3   | Noticed a boulder beetle
 12329 | Lair:3   | Killed a boulder beetle
 12501 | Lair:3   | Noticed a five-headed hydra
 12523 | Lair:3   | Killed a six-headed hydra
 12637 | Lair:3   | Noticed a six-headed hydra
 12666 | Lair:3   | Killed an eight-headed hydra
 12667 | Lair:3   | Reached XP level 13. HP: 105/131 MP: 12/12
 13728 | Lair:4   | Received a gift from Trog
 14478 | Lair:5   | Found a runed translucent gate.
 14478 | Lair:5   | Found a runed translucent gate.
 14478 | Lair:5   | Found a runed translucent gate.
 14480 | Lair:5   | Noticed bmj180's ghost (journeyman GnFi)
 15027 | Lair:6   | Entered Level 6 of the Lair of Beasts
 15067 | Lair:6   | Found a staircase to the Slime Pits.
 15167 | Lair:6   | Reached skill level 5 in Shields
 15186 | Lair:6   | Reached skill level 14 in Unarmed Combat
 15891 | Lair:6   | Noticed a dire elephant
 15891 | Lair:6   | Noticed a dire elephant
 15904 | Lair:6   | Killed a dire elephant
 15905 | Lair:6   | Reached skill level 10 in Dodging
 15907 | Lair:6   | Noticed a dire elephant
 15916 | Lair:6   | Killed a dire elephant
 15921 | Lair:6   | Killed a dire elephant
 15922 | Lair:6   | Reached XP level 14. HP: 126/141 MP: 13/13
 16167 | Lair:6   | Received a gift from Trog
 16819 | D:8      | Killed WasteTime5's ghost
 17065 | Lair:1   | Killed Elallin's ghost
 17235 | Lair:5   | Killed bmj180's ghost
 17609 | D:11     | Noticed Gastronok
 17649 | D:11     | Killed Gastronok
 17738 | D:11     | Reached skill level 10 in Fighting
 17870 | D:11     | You fall into a shaft and drop 1 floor!
 18686 | D:12     | Found a broken altar of Ashenzari.
 19294 | D:12     | Acquired a manual of Armour
 20263 | D:13     | Reached skill level 15 in Unarmed Combat
 20778 | D:13     | Found a gate to the Vaults.
 20860 | D:13     | Reached skill level 1 in Stealth
 21236 | D:14     | Received a gift from Trog
 21318 | D:14     | Reached XP level 15. HP: 136/149 MP: 14/14
 21852 | D:15     | Entered Level 15 of the Dungeon
 22145 | D:15     | Received a gift from Trog
 22410 | D:15     | Found a staircase to the Depths.
 22652 | D:15     | Found a portal to a secret trove of treasure.
 22787 | Orc:1    | Entered Level 1 of the Orcish Mines
 22974 | Orc:1    | Found a flagged portal.
 23025 | Orc:1    | Found Muphuist's Magic Scroll Boutique.
 23063 | Bailey   | Entered a bailey
 23139 | Bailey   | Found an iron altar of Okawaru.
 23594 | Orc:1    | Identified the +8 double sword of Truncation {flame, Str+3
                  | Int+4 Dex-3} (Trog gifted it to you on level 1 of the
                  | Orcish Mines)
 23594 | Orc:1    | Received a gift from Trog
 23852 | Orc:1    | Bought a scroll of enchant armour for 127 gold pieces
 23852 | Orc:1    | Bought a scroll of teleportation for 51 gold pieces
 24237 | Orc:2    | Entered Level 2 of the Orcish Mines
 24273 | Orc:2    | Found a staircase to the Elven Halls.
 24477 | Orc:2    | Noticed Azrael
 24571 | Orc:1    | Killed Azrael
 24573 | Orc:1    | Received a gift from Trog
 24868 | Orc:2    | Found Voeptups's Assorted Antiques.
 24868 | Orc:2    | Found Bomaimei's Antique Weapon Emporium.
 25342 | Orc:2    | Found Hoces's Armour Emporium.
 25342 | Orc:2    | Found Nipsarot's Antique Weapon Boutique.
 25554 | Orc:2    | Identified the +0 hat "Nesibba Paul" {rC+}
 25554 | Orc:2    | Identified the +0 hat of Walur {SInv}
 25788 | Swamp:1  | Entered Level 1 of the Swamp
 25814 | Swamp:1  | Reached XP level 16. HP: 101/161 MP: 15/15
 25917 | Swamp:1  | Noticed Louise
 25961 | Swamp:1  | Reached skill level 16 in Unarmed Combat
 25973 | Lair:2   | Killed Louise
 26143 | Swamp:1  | Paralysed by a hornet for 3 turns
 26149 | Lair:2   | Paralysed by a hornet for 1 turns
 26153 | Lair:2   | Received a gift from Trog
 26299 | Swamp:1  | Noticed a tentacled monstrosity
 26311 | Swamp:1  | Killed a tentacled monstrosity
 26552 | Swamp:1  | Acquired the amulet "Palehos" {Reflect -Cast rN+ Will+
                  | Int+4 SH+5}
 26727 | Orc:2    | Bought an encrusted glass ring for 110 gold pieces
 26888 | Spider:1 | Entered Level 1 of the Spider Nest
 27068 | Spider:1 | Found a hide-covered altar of Uskayaw.
 28324 | Spider:2 | Reached skill level 10 in Armour
 28620 | Spider:2 | Received a gift from Trog
 28854 | Spider:2 | Reached skill level 10 in Throwing
 29570 | Spider:3 | Reached XP level 17. HP: 171/171 MP: 16/16
 29661 | Spider:3 | Received a gift from Trog
 29968 | Spider:3 | Reached skill level 17 in Unarmed Combat
 30297 | Spider:4 | Entered Level 4 of the Spider Nest
 30371 | Spider:4 | Noticed Arachne
 30770 | Spider:3 | Killed Arachne
 30824 | Spider:4 | Received a gift from Trog
 31260 | Spider:4 | Found a runed translucent gate.
 31260 | Spider:4 | Found a runed translucent gate.
 31260 | Spider:4 | Found a runed translucent gate.
 31260 | Spider:4 | Noticed Johiy's ghost (adept MiFi)
 31284 | Spider:4 | Reached skill level 10 in Shields
 31293 | Spider:4 | Killed Johiy's ghost
 31341 | Spider:4 | Identified the ring of Wanaac {rPois rCorr AC+4}
 31841 | Spider:4 | Got a gossamer rune of Zot
 32165 | Swamp:2  | Reached XP level 18. HP: 131/183 MP: 17/17
 32470 | Swamp:2  | Received a gift from Trog
 32516 | Swamp:2  | You fall into a shaft and drop 1 floor!
 33348 | Swamp:3  | Identified the Almanac of Moulding and Intoxication
 33491 | Swamp:4  | Entered Level 4 of the Swamp
 33797 | Swamp:4  | Received a gift from Trog
 34444 | Swamp:4  | Got a decaying rune of Zot
 34764 | Vaults:1 | Entered Level 1 of the Vaults
 35331 | Vaults:1 | Reached XP level 19. HP: 192/193 MP: 18/18
 35977 | Vaults:1 | Noticed Saint Roka
 36033 | Vaults:1 | Killed Saint Roka
 36265 | Vaults:1 | Received a gift from Trog
 36751 | Vaults:2 | Reached skill level 18 in Unarmed Combat
 36900 | Vaults:2 | Received a gift from Trog
 37207 | Vaults:2 | Reached skill level 15 in Dodging
 37207 | Vaults:2 | Reached XP level 20. HP: 206/206 MP: 19/19
 38383 | Vaults:3 | Noticed Bai Suzhen
 38399 | Vaults:3 | Killed Bai Suzhen
 39159 | Vaults:3 | Found a staircase to the Crypt.
 39524 | Vaults:4 | Received a gift from Trog
 39540 | Vaults:4 | Found a flickering gateway to a bazaar.
 39546 | Bazaar   | Entered a bazaar
 39546 | Bazaar   | Found Anlaroap's Antique Weapon Shoppe.
 39568 | Bazaar   | Found Timazac's Weapon Shop.
 39578 | Bazaar   | Found Qoguku's Armour Shop.
 39596 | Bazaar   | Found Pitz's Magic Scroll Shoppe.
 39601 | Bazaar   | Found Jopho's Distillery.
 39609 | Bazaar   | Bought a potion of heal wounds for 65 gold pieces
 39609 | Bazaar   | Bought a potion of haste for 130 gold pieces
 39609 | Bazaar   | Bought a potion of haste for 130 gold pieces
 39609 | Bazaar   | Bought a potion of mutation for 104 gold pieces
 39609 | Bazaar   | Bought a potion of invisibility for 104 gold pieces
 40468 | Vaults:4 | Noticed Mennas
 40500 | Vaults:4 | Killed Mennas
 41282 | Depths:1 | Entered Level 1 of the Depths
 41403 | Depths:1 | Received a gift from Trog
 41436 | Depths:1 | Found an ornate altar of the Wu Jian Council.
 41663 | Depths:1 | Reached XP level 21. HP: 206/215 MP: 20/20
 41873 | Depths:1 | Found a gateway to Hell.
 42274 | Depths:2 | Found a glowing golden altar of the Shining One.
 42375 | Depths:2 | Found an iron altar of Okawaru.
 42555 | Depths:2 | Reached skill level 19 in Unarmed Combat
 42606 | Depths:2 | Found a gateway to a ziggurat.
 42701 | Depths:2 | Reached skill level 15 in Fighting
 43330 | Depths:2 | Identified the +3 robe "Sil Timp" {rElec}
 43359 | Depths:2 | Noticed the Enchantress
 43397 | Depths:2 | Killed the Enchantress
 43443 | Depths:2 | Identified the +4 quarterstaff of Circular Logic {drain,
                  | Dex+4}
 43454 | Depths:2 | Identified the +1 morningstar of Hiewkas {vorpal, Str+3
                  | Int+4}
 43464 | Depths:2 | Received a gift from Trog
 43713 | D:15     | You paid a toll of 16 scrolls of teleportation to enter a
                  | treasure trove
 43714 | Trove    | Entered a treasure trove
 43718 | Trove    | Identified the +9 storm dragon scales of Jaoheic {rElec rF-
                  | Str+6}
 43722 | Trove    | Identified the +5 kite shield of the Guild-Master {Str+4
                  | Int+10}
 43724 | Trove    | Identified the +6 tower shield "Mybrul" {rPois Str+2}
 43728 | Trove    | Identified the +7 ice dragon scales "Xiqoohai" {Rampage rF-
                  | rC++}
 43730 | Trove    | Identified the +2 hat of Beastly Happiness {rElec MP-9
                  | Str+2}
 43733 | Trove    | Identified the +2 robe "Xyhextem" {Will++}
 43739 | Trove    | Acquired the +1 shadow dragon scales of Sif Muna's Wrath
                  | {Drain rElec rF+++ rCorr Stlth++++}
 44000 | Elf:1    | Entered Level 1 of the Elven Halls
 44049 | Elf:1    | Found the +7 sceptre of Torment {pain, torment}
 44055 | Elf:1    | You fall into a shaft and drop 1 floor!
 44074 | Elf:2    | Found a runed translucent gate.
 44108 | Elf:2    | Found a runed translucent gate.
 44108 | Elf:2    | Found a runed translucent gate.
 44670 | Elf:1    | Found Syimmunaps's General Store.
 44673 | Elf:1    | Bought 3 scrolls of blinking for 337 gold pieces
 44741 | Elf:1    | Received a gift from Trog
 44845 | Elf:1    | Found a large runed translucent door.
 44845 | Elf:1    | Found a large runed translucent door.
 44847 | Elf:1    | Noticed Ivyux's ghost (journeyman DrEE)
 44863 | Elf:1    | Killed Ivyux's ghost
 45364 | Elf:1    | Reached XP level 22. HP: 228/228 MP: 21/21
 46172 | Elf:2    | Cast into level 3 of the Abyss (+2 hand axe of distortion)
 46172 | Abyss:3  | Found a corrupted altar of Lugonu.
 46261 | Abyss:4  | Found a corrupted altar of Lugonu.
 46296 | Elf:2    | Escaped the Abyss
 46300 | Elf:2    | Identified the +7 double sword of the Seven Knives {flame,
                  | rCorr} (Trog gifted it to you on level 2 of the Elven
                  | Halls)
 46300 | Elf:2    | Received a gift from Trog
 46679 | Elf:3    | Entered Level 3 of the Elven Halls
 46709 | Elf:3    | Gained mutation: You are weak. (Str -2) [a neqoxec]
 46718 | Elf:3    | Gained mutation: Armour fits poorly on your strangely
                  | shaped body. [a neqoxec]
 47071 | Vaults:4 | Lost mutation: Armour fits poorly on your strangely shaped
                  | body. [potion of mutation]
 47071 | Vaults:4 | Gained mutation: You are robust. (+10% HP) [potion of
                  | mutation]
 47071 | Vaults:4 | Gained mutation: You possess an exceptional clarity of
                  | mind. [potion of mutation]
 47597 | Elf:3    | Gained mutation: Your magical capacity is low. (-10% MP) [a
                  | neqoxec]
 47916 | Elf:3    | Found Mekotruj's Magic Scroll Boutique.
 47925 | Elf:3    | Received a gift from Trog
 47927 | Elf:3    | Found Ocweh's Weapon Boutique.
 47929 | Elf:3    | Bought a scroll of fear for 49 gold pieces
 47929 | Elf:3    | Bought a scroll of enchant armour for 105 gold pieces
 47929 | Elf:3    | Bought a scroll of enchant armour for 105 gold pieces
 48387 | Orc:2    | Bought the +3 ice dragon scales of the Eternal Fruit
                  | {Rampage rF- rC++ Regen+ Int-4} for 900 gold pieces
 48530 | Elf:3    | Found Gimnutax's Antique Weapon Shop.
 49416 | Depths:3 | Found a one-way gate leading to the halls of Pandemonium.
 49655 | Depths:3 | Reached skill level 20 in Unarmed Combat
 50144 | Depths:3 | Received a gift from Trog
 50194 | Depths:3 | Reached XP level 23. HP: 239/262 MP: 19/19
 50549 | Depths:3 | Identified the +8 halberd of Battle {elec, +Blink rElec
                  | Str+4}
 50646 | Depths:3 | Received a gift from Trog
 51048 | Depths:3 | Noticed Mara
 51051 | Depths:3 | Noticed wakim's illusion
 51059 | Depths:3 | Killed Mara
 51410 | Depths:4 | Paralysed by a floating eye for 3 turns
 51605 | Depths:4 | Found a one-way gate to the infinite horrors of the Abyss.
 51798 | Depths:4 | Received a gift from Trog
 52157 | Depths:4 | Reached skill level 15 in Throwing
 52157 | Depths:4 | Reached XP level 24. HP: 190/275 MP: 19/19
 52328 | Depths:4 | Found Moluwk's Jewellery Boutique.
 52329 | Depths:4 | Found Vuciaz's Book Emporium.
 52329 | Depths:4 | Found Rawamn's Book Emporium.
 52398 | Depths:4 | Found a runed translucent door.
 52398 | Depths:4 | Noticed Mesmaeker13's ghost (adept DDHu)
 52421 | Depths:4 | Killed Mesmaeker13's ghost
 52427 | Depths:4 | Identified the +7 great sword of the Sugar Beet {elec, rN+
                  | Dex+4}
 52558 | Depths:5 | Entered Level 5 of the Depths
 52574 | Depths:5 | Acquired 630 gold pieces
 52594 | Depths:5 | Noticed a juggernaut
 52791 | Depths:5 | Received a gift from Trog
 52834 | Depths:5 | Reached skill level 15 in Armour
 52834 | Depths:5 | Reached skill level 21 in Unarmed Combat
 52949 | Depths:5 | Killed a juggernaut
 53372 | Depths:5 | Found Vacahoby's Antique Weapon Emporium.
 53372 | Depths:5 | Found Dapif's Magic Scroll Shoppe.
 53373 | Depths:5 | Found Hiezoegh's Antique Weapon Emporium.
 53375 | Depths:5 | Found Qaemn's Book Shoppe.
 53386 | Depths:5 | Bought a scroll of teleportation for 45 gold pieces
 53428 | Depths:5 | Found a runed translucent gate.
 53428 | Depths:5 | Found a runed translucent gate.
 53428 | Depths:5 | Found a runed translucent gate.
 53428 | Depths:5 | Found an ancient bone altar of Kikubaaqudgha.
 53428 | Depths:5 | Noticed a dread lich
 53429 | Depths:5 | Noticed a dread lich
 53429 | Depths:5 | Noticed Dynuikaup's ghost (veteran TeCj)
 53628 | Depths:5 | Found a gate to the Realm of Zot.
 53725 | Depths:5 | Identified the +2 ring mail "Usacifep" {Str+2}
 54444 | Vaults:5 | Entered Level 5 of the Vaults
 54983 | Vaults:4 | Received a gift from Trog
 55132 | Vaults:4 | Reached XP level 25. HP: 288/288 MP: 19/19
 55436 | Vaults:5 | Reached skill level 15 in Shields
 55589 | Vaults:5 | Noticed Frederick
 55608 | Vaults:5 | Killed Frederick
 55728 | Vaults:5 | Identified the +10 rapier of Paux {vorpal, Will+}
 55757 | Vaults:5 | Identified the +1 robe of Impermeability {rC++}
 55783 | Vaults:5 | Identified the +4 great sword of Yeast {vorpal, rF- MP+9
                  | Int+2}
 55785 | Vaults:5 | Identified the +6 mace "Ysuitzud" {venom, rElec Dex+2}
 56191 | Vaults:5 | Noticed an ancient lich
 56197 | Vaults:5 | Killed an ancient lich
 56245 | Vaults:5 | Received a gift from Trog
 56412 | Vaults:5 | Reached skill level 22 in Unarmed Combat
 56668 | Vaults:5 | Got a silver rune of Zot
 56670 | Vaults:5 | Identified the +2 robe of Forking Paths {Harm rC- Dex+7
                  | Stlth+}
 56717 | Vaults:5 | Identified the +6 falchion "Kyupuic" {holy, rF+ rN+ Dex+4}
 56717 | Vaults:5 | Identified the ring "Naorphef" {Wiz rCorr Str+3}
 56978 | Vaults:5 | Identified the ring "Neyxzem" {rF+ rN+ Will+ Str+4}
 57134 | Vaults:5 | Identified the +4 quarterstaff "Nuxuhois" {vorpal, rElec}
 57619 | Zot:1    | Entered Level 1 of the Realm of Zot
 58122 | Zot:1    | Noticed an orb of fire
 58143 | Zot:1    | Killed an orb of fire
 58144 | Zot:1    | Reached XP level 26. HP: 301/301 MP: 19/19
 58469 | Zot:1    | Found a runed translucent gate.
 58469 | Zot:1    | Found a runed translucent gate.
 58469 | Zot:1    | Found a runed translucent gate.
 58470 | Zot:1    | Noticed Kaphap's ghost (legendary GrBe)
 58470 | Zot:1    | Noticed a dread lich
 59258 | Zot:2    | Found a transporter.
 59508 | Zot:2    | Received a gift from Trog
 59868 | Zot:2    | Found the ring of the Mage {Wiz Will++ Int+3}
 60049 | Zot:2    | Found a transporter.
 62317 | Depths:5 | Killed a dread lich
 62325 | Depths:5 | Killed a dread lich
 62343 | Depths:5 | Killed Dynuikaup's ghost
 62347 | Depths:5 | Identified the ring "Ewkif" {rN+ Will+ EV+4 Dex-4}
 62352 | Depths:5 | Identified the -4 helmet of Birdsong {rC++ Int+6 Slay-4}
 62560 | Zot:1    | Killed a dread lich
 62604 | Zot:1    | Killed Kaphap's ghost
 62819 | Zot:2    | Noticed an ancient lich
 62839 | Zot:2    | Killed an ancient lich
 62927 | Zot:2    | Identified the ring "Tosanute" {MP+9 Dex+5}
 62932 | Zot:2    | Identified the amulet "Eturidgh" {Acrobat Int+2}
 62945 | Zot:2    | Identified the +2 shortbow "Ruuz" {vorpal, rC+ rN+ Will+}
 62949 | Zot:2    | Identified the amulet "Dequdwae" {Reflect Harm +Blink
                  | Regen+ SH+5}
 63024 | Zot:3    | Reached skill level 23 in Unarmed Combat
 63145 | Zot:3    | Reached XP level 27. HP: 313/315 MP: 19/19
 64159 | Zot:4    | Received a gift from Trog
 65283 | Zot:5    | Entered Level 5 of the Realm of Zot
 65284 | Zot:5    | Noticed an ancient lich
 65287 | Zot:5    | Noticed an orb of fire
 65290 | Zot:5    | Noticed an orb of fire
 65293 | Zot:5    | Gained mutation: You have a pair of small antennae on your
                  | head. [an orb of fire]
 65297 | Zot:5    | Lost mutation: You are robust. (+10% HP) [an orb of fire]
 65301 | Zot:5    | Gained mutation: Your spells are a little easier to cast,
                  | but a little less powerful. [an orb of fire]
 65301 | Zot:5    | Lost mutation: You possess an exceptional clarity of mind.
                  | [an orb of fire]
 65308 | Zot:5    | Slain by a yellow draconian monk

Illustrated notes

Levels and vault maps discovered:
D:1:      minmay_arrival_shattered_statue, layout_rooms, serial_shops,
          nicolae_shop_crystal, shapermc_ecumenical_altar_flowoftime,
          chequers_serial_rivers_micro_b
D:2:      layout_loops_corners
D:3:      layout_basic, serial_shops, shop, nicolae_shop_stone,
          portal_sewer_entry_e
D:4:      layout_rooms, minitemple, kennysheep_mini, uniq_menkaure, uniq_pikel,
          uniq_edmund
D:5:      lemuel_castle_with_subvaults [lemuel_castle_interior_carwin_2],
          layout_loops_corners, uniq_crazy_yiuf_cottage, uniq_sigmund
D:6:      layout_rooms, general_overflow_altar, tgw_xom,
          lemuel_temple_firewalk_a, due_unseen_surprise
D:7:      nzn_winding_woodlands_stair_cross [nzn_winding_woodlands_5x15_parted,
          nzn_winding_woodlands_center_triple_pond,
          nzn_winding_woodlands_5x15_split_checker,
          nzn_winding_woodlands_5x5_open_star,
          nzn_winding_woodlands_5x5_perimeter, nzn_winding_woodlands_5x15_twine,
          nzn_winding_woodlands_center_garden, nzn_winding_woodlands_5x15_eye],
          layout_rooms, trog_wizard, gammafunk_ghost_gnarly_gnolls
D:8:      layout_rooms, due_lair_maze_entry_diamond, enter_ossuary_1,
          lemuel_another_geyser
D:9:      layout_cave_pools, lemuel_round_altar, lemuel_tele_altar,
          gammafunk_ghost_hydra_chop, chequers_serial_rivers_small_b
D:10:     layout_roguey, erik_orc_4, item_on_display_a, uniq_harold
D:11:     layout_cave_pods, uniq_gastronok
D:12:     layout_layer_cave, ashenzari_conservatory_becter
D:13:     layout_irregular_city, grunt_vaults_entry_tiered
D:14:     layout_roguey
D:15:     grunt_enter_depths_giant_problem, layout_rooms, enter_trove_3,
          elves_outpost_lemuel
Temple:   jpeg_temple_clearing
Lair:1:   layout_loops_ring, maelrawn_ghost_gauntlet_escape, lemuel_fruit_tree,
          lemuel_fruit_fields
Lair:2:   layout_cave_pods, skrybe_swamp_entry_bodies,
          spider_nest_entry_web_field
Lair:3:   layout_regular_city
Lair:4:   layout_gridlike, serial_bayou_shore_b
Lair:5:   layout_cave_pods, gammafunk_ghost_necromancy, lemuel_fruit_fields
Lair:6:   due_jungle_book, layout_concentric_octagons,
          minmay_slime_entry_jelly_boxes
Swamp:1:  layout_basic_swamp, evilmike_swamp_ruin_wall, uniq_louise
Swamp:2:  layout_basic_swamp, evilmike_swamp_ruin_house_4, swamp_pool1
Swamp:3:  layout_basic_swamp, serial_swamp_ruin, hangedman_swamp_ruin_wall,
          evilmike_swamp_ruin_house_6, evilmike_swamp_ruin_house_5
Swamp:4:  swamp_icy, layout_basic_swamp
Spider:1: nicolae_spider_hilbert_zone_1 [nicolae_spider_hilbert_4_sides_1_open,
          nicolae_spider_hilbert_4_sides_1_open,
          nicolae_spider_hilbert_4_sides_1_open,
          nicolae_spider_hilbert_4_sides_1_open,
          nicolae_spider_hilbert_3_sides_1_open,
          nicolae_spider_hilbert_3_sides_1_open,
          nicolae_spider_hilbert_3_sides_1_open,
          nicolae_spider_hilbert_3_sides_1_open,
          nicolae_spider_hilbert_3_sides_1_open,
          nicolae_spider_hilbert_6_sides_1_open,
          nicolae_spider_hilbert_6_sides_1_open,
          nicolae_spider_hilbert_3_sides_1_open,
          nicolae_spider_hilbert_3_sides_1_open,
          nicolae_spider_hilbert_3_sides_1_open,
          nicolae_spider_hilbert_3_sides_1_open,
          nicolae_spider_hilbert_2_sides_1_open],
          nicolae_spider_altar_of_dancing
Spider:2: layout_spider_delve
Spider:3: cheibrodos_spider_silkery
Spider:4: grunt_spider_rune_circles, gammafunk_ghost_necromancy, uniq_arachne
Orc:1:    layout_diamond_mine, serial_shops, nicolae_shop_stone, enter_bailey_2
Orc:2:    st_orc_town, layout_caves, hangedman_minor_magic, uniq_azrael
Elf:1:    minmay_ambush_box, layout_gridlike, serial_shops,
          nicolae_shop_behind_doors, ebering_ghost_disaster_area,
          hangedman_corner_corridor, einodemon_barbed_minivault
Elf:2:    layout_gridlike, mu_enter_wizlab_4
Elf:3:    minmay_elf_hall_curves, layout_geoelf_diagonals, serial_shops,
          nicolae_shop_waterfront, shop, shop_statue, minivault_25_ag
Vaults:1: v_misc_30, vaults_room_hangedman_quadrants,
          nicolae_vaults_puzzle_piece, vaults_room_door_ring,
          nicolae_vaults_what_the_h, vaults_room_stairs_pillars,
          vaults_room_hallway, nicolae_vaults_border_crossing,
          vaults_room_hallway, nicolae_vaults_windows_and_doors_thing,
          grunt_vaults_funnel, nicolae_vaults_little_ls, layout_vaults_ring,
          uniq_saint_roka
Vaults:2: ontoclasm_vaults_hangar, nicolae_vaults_three_branches,
          vaults_mumra_chevron_long, dpeg_vaults_monster_box,
          ontoclasm_vaults_chip, v_misc_18, st_hourglassy, ontoclasm_vaults_eye,
          ontoclasm_vaults_tryst, vaults_dpeg_doors,
          nicolae_vaults_shelves_hall, vaults_dpeg_cross, v_misc_19,
          layout_vaults_maze_bifur
Vaults:3: hangedman_vaults_stream, nicolae_vaults_yaktaur_gun_rack,
          v_alt_pattern_4, minmay_crypt_entry_simple_walls,
          ontoclasm_vaults_hangar, hangedman_vaults_capsules,
          vaults_room_door_ring, v_misc_18, nicolae_vaults_hallways_thing,
          nicolae_vaults_asterisk, layout_vaults_omnigrid, uniq_bai_suzhen
Vaults:4: nicolae_vaults_c_with_doors, ontoclasm_vaults_ligature,
          nicolae_vaults_little_squares_1, nicolae_vaults_little_squares_6,
          hangedman_vaults_stretched_pinwheel, ontoclasm_vaults_ring_square,
          nicolae_vaults_ring_of_whatevers, v_alt_pattern_1,
          nicolae_vaults_theta, v_misc_23, layout_vaults_omnicross,
          serial_shops, bzr_entry_road, uniq_mennas
Vaults:5: uniq_frederick
Depths:1: layout_gridlike, pf_vacation_house_of_asmodeus,
          pdpol_wu_jian_five_deadly_venoms, lemuel_flamethrower_2,
          grunt_megastairs_1
Depths:2: minmay_fractal_lines_corner, layout_gridlike, enter_ziggurat_e,
          lightli_too_deep, tso_metal_star, grunt_decor_junction,
          okawaru_trees_2, uniq_enchantress
Depths:3: grunt_runaround [grunt_runaround_doors_1, grunt_runaround_doors_2,
          grunt_runaround_doors_3, grunt_runaround_doors_4,
          grunt_runaround_loot], pan_entry, hell_entry, uniq_mara
Depths:4: minmay_bloctagon, layout_twisted_cross, gammafunk_ghost_grave,
          pf_hell_entry_tar_spiral, abyss_entry, grunt_megastairs_2,
          minmay_shop_grove, minmay_staircase_bubble, firewood_loft,
          serial_bayou_shore_b
Depths:5: grunt_zot_entry_tricorne, layout_long_grid, hell_entry,
          gammafunk_ghost_crypt, serial_sigils_hangedman_clutch,
          serial_bayou_shore_a, minmay_shoptagon
Zot:1:    layout_basic, gammafunk_ghost_necromancy,
          hangedman_zot_decor_unnerving_road
Zot:2:    gammafunk_its_a_trap, layout_concentric_octagons
Zot:3:    layout_misc_corridors
Zot:4:    layout_cathedral_of_symmetry, evilmike_ambush
          [evilmike_ambush_outer_basic, evilmike_ambush_inner_pond]
Zot:5:    layout_misc_corridors

Skill      XL: |  1  2  3  4  5  6  7  8  9 10 11 12 13 14 15 16 17 18 19 20 21 22 23 24 25 26 |
---------------+-------------------------------------------------------------------------------+-----
Unarmed Combat | 4 5 6 8 9 10 11 12 13 14 15 16 17 18 19 20 21 22 23 | 23.6
Fighting       | 3 5 6 7 8 9 10 11 12 13 14 15 16 17 18 19 | 19.5
Dodging        | 3 4 5 6 7 9 10 11 12 13 14 15 16 17 18 | 18.4
Armour         | 1 3 4 5 6 7 9 10 11 12 13 14 15 16 | 16.5
Throwing       | 3 5 6 7 8 9 10 11 12 13 14 15 17 18 | 18.7
Shields        | 3 5 7 9 10 11 12 13 14 15 | 15.0
Stealth        | 1 2 |  2.9

Action                   |  1- 3 |  4- 6 |  7- 9 | 10-12 | 13-15 | 16-18 | 19-21 | 22-24 | 25-27 || total
-------------------------+-------+-------+-------+-------+-------+-------+-------+-------+-------++-------
Melee: Unarmed           |    50 |   204 |   282 |   633 |  1141 |  1318 |  1606 |  1546 |  1240 ||  8020
       Punch             |       |     3 |    10 |    33 |       |       |       |       |       ||    46
Throw: Boomerang         |       |       |     2 |    61 |   164 |   367 |    28 |    95 |       ||   717
       Large rock        |       |       |       |     3 |    21 |     3 |       |    15 |    30 ||    72
       Javelin           |       |       |       |       |       |       |    14 |     7 |       ||    21
Invok: Berserk           |     1 |     2 |     7 |     1 |     6 |     6 |     3 |     1 |     2 ||    29
       Trog's Hand       |       |       |     1 |     3 |     4 |    13 |    26 |    17 |    17 ||    81
       Brothers in Arms  |       |       |       |     3 |       |     7 |     2 |     2 |     1 ||    15
Evoke: Wand              |       |       |       |       |       |       |       |       |     1 ||     1
  Use: Scroll            |       |     8 |     2 |    12 |     6 |     5 |     2 |     6 |    19 ||    60
       Potion            |       |       |     2 |       |     1 |     3 |     4 |     2 |     6 ||    18
 Stab: Sleeping          |     1 |       |       |       |     2 |       |     3 |       |       ||     6
       Distracted        |       |       |       |       |       |     1 |     2 |       |       ||     3
Armor: Animal skin       |    15 |    48 |    35 |       |       |       |       |       |       ||    98
       Quicksilver drago |       |       |    21 |   289 |   303 |   630 |   507 |   289 |    71 ||  2110
       Gold dragon scale |       |       |       |       |       |       |       |       |   476 ||   476
       Skin              |       |       |       |       |       |       |       |       |     5 ||     5
Dodge: Dodged            |    16 |    95 |   139 |   366 |   488 |   692 |   537 |   307 |   256 ||  2896
Block: Kite shield       |       |       |       |   102 |   612 |  1224 |   655 |       |       ||  2593
       Reflection        |       |       |       |       |    12 |    11 |    66 |    49 |    30 ||   168
       Tower shield      |       |       |       |       |       |       |  1072 |  1944 |  1531 ||  4547

Table legend: (Time is in decaauts)
 A = Elapsed time spent in this place.
 B = Non-inter-level travel time spent in this place.
 C = Inter-level travel time spent in this place.
 D = Time resting spent in this place.
 E = Time spent auto-exploring this place.
 F = Levels seen in this place.
 G = Mean time per level.
                   A        B        C        D        E       F      G
               +--------+--------+--------+--------+--------+-----+--------+
         Total |  63814 |  53419 |  10395 |   2445 |  35235 |  57 | 1119.5 |
       Dungeon |  17906 |  14225 |   3681 |   1306 |   9593 |  15 | 1193.7 |
        Temple |     21 |     12 |      9 |      0 |     11 |   1 |   21.0 |
          Lair |   7028 |   5959 |   1069 |    187 |   4338 |   6 | 1171.3 |
         Swamp |   3303 |   2938 |    365 |     45 |   1870 |   4 |  825.8 |
   Spider Nest |   4757 |   4232 |    525 |    158 |   2551 |   4 | 1189.2 |
  Orcish Mines |   2579 |   2020 |    559 |    230 |   1226 |   2 | 1289.5 |
   Elven Halls |   4374 |   3582 |    792 |      0 |   2523 |   3 | 1458.0 |
        Vaults |   9806 |   8005 |   1801 |    405 |   4971 |   5 | 1961.2 |
        Depths |   7441 |   6385 |   1056 |     44 |   3818 |   5 | 1488.2 |
           Zot |   5321 |   4785 |    536 |     41 |   3694 |   5 | 1064.2 |
         Abyss |    119 |    119 |      0 |      0 |     48 |   2 |   59.5 |
        Bazaar |     74 |     74 |      0 |      0 |     62 |   1 |   74.0 |
         Trove |     48 |     48 |      0 |      0 |      0 |   1 |   48.0 |
         Sewer |    429 |    429 |      0 |     26 |    221 |   1 |  429.0 |
       Ossuary |    100 |    100 |      0 |      0 |     52 |   1 |  100.0 |
        Bailey |    501 |    501 |      0 |      0 |    253 |   1 |  501.0 |
               +--------+--------+--------+--------+--------+-----+--------+

Top non-repeatable levels by time:
Vaults:4: 2603 daAuts
Vaults:1: 2108 daAuts
Depths:3: 2038 daAuts
   Zot:1: 1978 daAuts
Vaults:5: 1901 daAuts
   Elf:1: 1723 daAuts
Vaults:3: 1649 daAuts
     D:5: 1649 daAuts
    D:13: 1625 daAuts
Vaults:2: 1543 daAuts
Depths:2: 1537 daAuts
Depths:5: 1509 daAuts
  Lair:6: 1504 daAuts
    D:10: 1493 daAuts
  Lair:2: 1466 daAuts
